 Dungeon Crawl Stone Soup version 0.32-a0-312-g1d7162e751 (webtiles) character file.

Game seed: 14021989309254922735

476 Nattfarinn the Ruffian (level 6, -3/62 HPs)
             Began as a Troll Shapeshifter on Feb 15, 2024.
             Slain by a wyvern (10 damage)
             ... on level 5 of the Dungeon.
             The game lasted 00:05:10 (3060 turns).

Nattfarinn the Ruffian (Troll Shapeshifter)         Turns: 3060, Time: 00:05:10

Health: -3/62      AC:  5    Str: 22    XL:     6   Next: 85%
Magic:  5/5        EV:  9    Int:  6    God:
Gold:   145        SH:  0    Dex:  9    Spells: 5/5 levels left

rFire   + .          .
                       - Unarmed
rCold   + . .        (no shield)
rNeg    . . .        t - +1 robe of Grace {rF+ rC+ Will+ Str-3}
rPois   .            (helmet currently unavailable)
rElec   .            (cloak currently unavailable)
rCorr   .            (gloves unavailable)
SInv    .            (boots unavailable)
Will    +....        (no amulet)
Stlth   +            (no ring)
HPRegen 1.10/turn    (no ring)
MPRegen 0.09/turn

%: no passive effects
@: beast-form
A: beast (slay +2), large, unfitting armour, claws 3, regeneration 1, shaggy fur
1, tough skin 1
a: Begin Untransformation


You were on level 5 of the Dungeon.
You were a hulking beast.
You visited 1 branch of the dungeon, and saw 5 of its levels.

You collected 145 gold pieces.

Inventory:

Armour
 a - a +0 animal skin
 t - the +1 robe of Grace (worn) {rF+ rC+ Will+ Str-3}
   (You found it on level 3 of the Dungeon)

   Str-3:     It affects your strength (-3).
   rF+:       It protects you from fire.
   rC+:       It protects you from cold.
   Will+:     It increases your willpower.
Jewellery
 v - an amulet of faith
Talismans
 c - a beast talisman (active)
 d - a flux talisman
 m - a maw talisman
Scrolls
 f - 2 scrolls of teleportation
 g - a scroll of silence
 k - a scroll of butterflies
 q - a scroll of immolation {unknown}
 u - 3 scrolls of revelation
 w - 2 scrolls of noise
Potions
 b - a potion of lignification
 e - 2 potions of resistance {unknown}
 h - 2 potions of ambrosia {unknown}
 i - 3 potions of curing {unknown}
 j - 2 potions of might {unknown}
 l - a potion of attraction {unknown}
 n - a potion of enlightenment {unknown}
 o - 2 potions of heal wounds {unknown}
 p - 2 potions of degeneration {unknown}
 r - a potion of brilliance {unknown}


   Skills:
 - Level 4.1 Fighting
 - Level 1.5 Dodging
 * Level 5.5 Unarmed Combat
 + Level 3.5 Shapeshifting


You had 5 spell levels left.
You didn't know any spells.
Your spell library contained the following spells:

 Spells                   Type           Power      Damage    Failure   Level
 Freeze                   Ice            0%         1d3       45%         1
 Necrotise                Necr           0%         1d4       45%         1
 Scorch                   Fire           0%         2d5       58%         2
 Dazzling Flash           Conj/Hex       0%         N/A       83%         3
 Frozen Ramparts          Ice            0%         1d1       83%         3
 Hailstorm                Conj/Ice       0%         3d5       83%         3
 Summon Ice Beast         Ice/Summ       0%         N/A       83%         3
 Volatile Blastmotes      Fire/Tloc      0%         2d10      83%         3
 Flame Wave               Conj/Fire      0%         2d4       99%         4
 Leda's Liquefaction      Alch/Erth      0%         N/A       99%         4
 Petrify                  Alch/Erth      0%         N/A       99%         4
 Metabolic Englaciation   Hex/Ice        0%         N/A       100%        5
 Summon Mana Viper        Hex/Summ       0%         N/A       100%        5
 Starburst                Conj/Fire      0%         6d3       100%        6
 Summon Cactus Giant      Summ           0%         N/A       100%        6
 Monstrous Menagerie      Summ           0%         N/A       100%        7
 Maxwell's Capacitive Co  Air            0%         ∞         100%        8


Dungeon Overview and Level Annotations

Branches:
Dungeon (5/15)             Temple (0/1) D:5

Altars:
Dithmenos
Xom

Shops:
D:3 =(

Annotations:
D:5 2 transporters


Innate Abilities, Weirdness & Mutations

You are a hulking beast.
Your limbs bulge with bestial killing power. (Slay +2)
You are too large for most types of armour.
You have claws for hands.
Your natural rate of healing is unusually fast.
You are covered in fur. (AC +1)
You have tough skin. (AC +1)


Message History

No reachable target in view!
No reachable target in view!
No reachable target in view!
No reachable target in view!
No reachable target in view!
No reachable target in view!
No reachable target in view!
Found a leather armour.
You now have 132 gold pieces (gained 17).
No reachable target in view!
The yak snorts and paws the ground.
Found a staircase to the Ecumenical Temple.
You now have 145 gold pieces (gained 13).
f - 2 scrolls of teleportation (gained 1)
A wyvern comes into view.
The wyvern hisses angrily.
You enter the shallow water.
You claw the wyvern!
The wyvern is heavily wounded.
The wyvern bites you! x2
You scratch the wyvern but do no damage.
The wyvern is heavily wounded.
The wyvern barely misses you.
You scratch the wyvern but do no damage.
The wyvern is heavily wounded.
The wyvern bites you!
You are too injured to fight recklessly!
You claw the wyvern!
The wyvern is almost dead.
The wyvern bites you!
* * * LOW HITPOINT WARNING * * *
The wyvern closely misses you.
You scratch the wyvern but do no damage.
The wyvern is almost dead.
The wyvern bites you.
* * * LOW HITPOINT WARNING * * *
You scratch the wyvern but do no damage.
The wyvern is almost dead.
The wyvern bites you!
You die...

..#.#...# #...#....
#........ #........
#..~§~... ##.~~§~~..
#########.k§§~~§§.
#.........h§~>~§~......#..#
#......###~~§~§~~.........#
#......##..~§§~~..#........
#...........§~~............
#............##..........<.
#............# #.#.........
#............# #.#.........
#............# #.#......)).
#######......###.......)<).


You could see a wyvern.

Vanquished Creatures
  A bombardier beetle (D:4)
  An iguana (D:5)
  Natasha (thrice) (D:2)
  4 orc wizards
  4 adders
  3 dart slugs
  22 orcs
  6 ball pythons
  5 bats
  5 endoplasms
  4 giant cockroaches
  10 goblins
  9 hobgoblins
  9 jackals
  8 kobolds
  2 quokkas
  3 frilled lizards (D:1)
  6 rats
105 creatures vanquished.

Notes
Turn   | Place    | Note
-------+----------+-------------------------------------------
     0 | D:1      | Nattfarinn the Troll Shapeshifter began the quest for the
                  | Orb.
     0 | D:1      | Reached XP level 1. HP: 18/18 MP: 0/0
    20 | D:1      | Reached skill level 1 in Fighting
   171 | D:1      | Reached XP level 2. HP: 27/27 MP: 1/1
   279 | D:1      | Reached XP level 3. HP: 35/35 MP: 2/2
   301 | D:1      | Found a faded altar of an unknown god.
   687 | D:2      | Noticed Natasha
   697 | D:2      | Killed Natasha
   698 | D:2      | Reached XP level 4. HP: 29/44 MP: 3/3
  1276 | D:2      | Noticed Natasha
  1282 | D:2      | Killed Natasha
  1283 | D:2      | Reached skill level 4 in Unarmed Combat
  1326 | D:2      | Reached XP level 5. HP: 53/53 MP: 4/4
  1446 | D:2      | Noticed Natasha
  1448 | D:2      | Killed Natasha
  1584 | D:3      | Found Weogithro's Jewellery Boutique.
  1642 | D:3      | Identified the +1 robe of Grace {rF+ rC+ Will+ Str-3}
  1681 | D:3      | Found Gogaw's Antique Weapon Emporium.
  1713 | D:3      | Got the Information on the Sepulchral Torch
  1802 | D:3      | Reached XP level 6. HP: 62/62 MP: 5/5
  1844 | D:3      | Found a shimmering altar of Xom.
  1844 | D:3      | Found a shimmering altar of Xom.
  2361 | D:4      | Found a shadowy altar of Dithmenos.
  2647 | D:4      | Reached skill level 5 in Unarmed Combat
  2986 | D:5      | Entered Level 5 of the Dungeon
  3009 | D:5      | Found a transporter.
  3010 | D:5      | Noticed a yak
  3011 | D:5      | Noticed an orc warrior
  3013 | D:5      | Found a transporter.
  3041 | D:5      | Found a staircase to the Ecumenical Temple.
  3052 | D:5      | Noticed a wyvern
  3060 | D:5      | Slain by a wyvern

Illustrated notes

Levels and vault maps discovered:
D:1:      tarquinn_simple_flora_water_e, layout_basic,
          hellmonk_ecumenical_altar_arch_garden
D:2:      layout_basic, uniq_natasha
D:3:      layout_basic, xom_redecorated, serial_shops,
          nicolae_shop_competitors_out_of_business,
          nicolae_shop_just_a_little_nook
D:4:      layout_basic, nicolae_dithmenos_through_a_glass_darkly,
          minmay_misc_feat_secret_circle
D:5:      layout_rooms, gammafunk_temple_overflow_arena,
          minmay_temple_entry_mist, serial_shops, nicolae_take_the_stairs,
          dilly_guarded_unrand_devastator, uniq_pikel

Skill      XL: |  1  2  3  4  5  6 |
---------------+-------------------+-----
Fighting       | 1 2 3 4 |  4.1
Unarmed Combat | 4 5 |  5.5
Dodging        | |  1.5
Shapeshifting  | |  3.5

Action                     |  1- 3 |  4- 6 || total
---------------------------+-------+-------++-------
  Melee: Unarmed           |    57 |   187 ||   244
         Punch             |       |     5 ||     5
    Use: Scroll            |       |     5 ||     5
   Stab: Sleeping          |       |     1 ||     1
 Armour: Animal skin       |    44 |    41 ||    85
         Robe              |       |    91 ||    91
  Dodge: Dodged            |    25 |    63 ||    88

Table legend: (Time is in decaauts)
 A = Elapsed time spent in this place.
 B = Non-inter-level travel time spent in this place.
 C = Inter-level travel time spent in this place.
 D = Time resting spent in this place.
 E = Time spent auto-exploring this place.
 F = Levels seen in this place.
 G = Mean time per level.
                   A        B        C        D        E       F      G
               +--------+--------+--------+--------+--------+-----+--------+
         Total |   3039 |   2820 |    219 |      0 |   2280 |   5 |  607.8 |
       Dungeon |   3039 |   2820 |    219 |      0 |   2280 |   5 |  607.8 |
               +--------+--------+--------+--------+--------+-----+--------+

Top non-repeatable levels by time:
     D:2: 810 daAuts
     D:4: 788 daAuts
     D:3: 687 daAuts
     D:1: 680 daAuts
     D:5: 72 daAuts
